AoeStats
← TTAITAI

Nomad

509244676Analyzed
4v4 RM · 5d ago on Sep 26, 2026· 49m 38s· 8 players
Game mode
Random Map
Map size
231×231
Population
200
Speed
Normal
Resources
Standard
Victory
Conquest
Starting age
Dark Age
Ending age
Imperial Age
RankedLock teamsTeams togetherTeam positionsShared explorationLock speedFull tech treeHidden civsTurbo modeCheats
Victory
Defeat
🇺🇸 Huns · United States
1257
+10
🇲🇽 Dravidians · Mexico
1232
+10
🇲🇽 Varangians · Mexico
1174
+13
🇨🇴 Bohemians · Colombia
1083
+16
🇹🇼 Persians · Taiwan
1168
-15
🇨🇴 Spanish · Colombia
1138
-14
🇨🇴 Danes · Colombia
1055
-10
🇨🇴 Wu · Colombia
1043
-10
Morfeo
3:49 Loom
6:04 Loom
6:28 Loom
13:50 Feudal Age
17:53 Castle Age
19:47 Double-Bit Axe
20:37 Medium Warships
21:27 Bow Saw
22:30 Town Watch
25:28 Fletching
25:40 Padded Archer Armor
26:21 Bodkin Arrow
33:09 Ballistics
36:43 Wheelbarrow
37:18 Leather Archer Armor
40:09 Murder Holes
44:50 Imperial Age
43:34 Masonry
46:45 Fishing Lines
locoacosta
7:29 Loom
13:27 Feudal Age
13:58 Double-Bit Axe
22:13 Castle Age
20:32 Horse Collar
22:01 Gold Mining
25:28 Fletching
27:35 Bloodlines
27:50 Husbandry
33:43 Bow Saw
33:50 Stone Mining
37:10 Scale Barding Armor
40:18 Wheelbarrow
40:10 Vendel Legacy
43:53 Forging
49:02 Imperial Age
47:52 Chain Barding Armor
47:55 Heavy Plow
49:33 Iron Casting
49:15 Cavalier
50:34 Conscription
我有低保我先上
3:32 Loom
12:44 Feudal Age
13:47 Double-Bit Axe
18:04 Castle Age
15:52 Horse Collar
16:36 Fishing Lines
19:01 Wheelbarrow
19:35 Heavy Plow
19:51 Bow Saw
21:39 Gillnets
24:03 Fletching
26:49 Hand Cart
26:27 Gold Mining
26:28 Stone Mining
30:00 Scale Barding Armor
30:06 Forging
33:26 Imperial Age
32:26 Chain Barding Armor
32:42 Iron Casting
32:57 Bloodlines
32:47 Husbandry
34:04 Gold Shaft Mining
34:46 Plate Barding Armor
36:05 Blast Furnace
36:37 Two-Man Saw
35:59 Bodkin Arrow
36:22 Elite Tarkan
37:04 Marauders
37:25 Conscription
39:47 Bracer
40:49 Chemistry
40:10 Ballistics
39:46 Murder Holes
40:02 Masonry
40:09 Padded Archer Armor
47:49 Leather Archer Armor
47:36 Squires
47:22 Arson
Kamus1922016
6:58 Loom
16:41 Feudal Age
17:05 Fishing Lines
21:59 Horse Collar
24:48 Castle Age
23:55 Forging
23:48 Double-Bit Axe
25:14 Pikeman
26:23 Bow Saw
31:38 Fletching
31:51 Gillnets
36:47 Imperial Age
36:50 Chemistry
36:11 Ballistics
35:47 Murder Holes
36:01 Light Cavalry
36:43 Husbandry
36:06 Pikeman
36:49 Squires
39:11 Medium Warships
40:30 Two-Man Saw
41:23 Wheelbarrow
42:38 Hand Cart
45:20 Iron Casting
44:45 Scale Mail Armor
44:40 Bodkin Arrow
45:37 Halberdier
49:45 Blast Furnace
49:00 Chain Mail Armor
chomisplate
11:19 Loom
14:12 Feudal Age
20:08 Castle Age
18:56 Fishing Lines
20:06 Wheelbarrow
19:49 Double-Bit Axe
21:43 Gold Mining
21:57 Padded Archer Armor
22:04 Scale Barding Armor
28:25 Bloodlines
31:34 Fletching
31:58 Light Cavalry
38:59 Imperial Age
38:16 Husbandry
38:48 Chain Barding Armor
38:43 Leather Archer Armor
38:24 Fletching
38:35 Elite Skirmisher
40:12 Conscription
40:53 Plate Barding Armor
40:58 Horse Collar
41:32 Bow Saw
41:08 Elite Conquistador
43:23 Chemistry
42:59 Bodkin Arrow
44:18 Supremacy
43:58 Inquisition
44:38 Heavy Plow
46:21 Hand Cart
zFox1982
5:58 Loom
14:46 Feudal Age
19:57 Castle Age
18:02 Gold Mining
18:10 Fishing Lines
18:50 Fletching
19:21 Double-Bit Axe
21:00 Bow Saw
22:21 Stone Mining
30:40 Bodkin Arrow
32:42 Arson
32:58 Squires
34:42 Wheelbarrow
37:18 Hand Cart
40:48 Imperial Age
38:25 Gillnets
43:31 Imperial Age
johnhembert
15:47 Feudal Age
16:43 Fishing Lines
20:34 Wheelbarrow
26:37 Castle Age
25:23 Scale Mail Armor
28:55 Medium Warships
28:06 Demolition Ship
28:59 Loom
30:35 Gillnets
35:16 Double-Bit Axe
36:25 Hand Cart
36:22 Bow Saw
36:33 Gold Mining
36:35 Treadmill Crane
37:16 Ballistics
38:50 Arson
39:07 Squires
38:27 Pikeman
44:26 Forging
44:32 Chain Mail Armor
TTAITAI
12:04 Feudal Age
12:29 Double-Bit Axe
12:46 Loom
18:59 Castle Age
21:06 Bow Saw
21:32 Husbandry
21:43 Bloodlines
21:43 Horse Collar
22:45 Wheelbarrow
23:41 Heavy Plow
29:23 Imperial Age
27:23 Scale Barding Armor
27:28 Forging
29:04 Hand Cart
29:13 Chain Barding Armor
28:52 Town Watch
29:11 Cavalier
31:03 Two-Man Saw
30:35 Crop Rotation
31:19 Plate Barding Armor
31:20 Iron Casting
32:05 Iron Casting
32:44 Savar
34:20 Town Patrol
36:29 Guilds
40:16 Conscription
Connection lost

Rejoining the realm…

Still unreachable

The connection could not be restored.

Session expired

The server has moved on; the page needs a fresh start.